 Dungeon Crawl Stone Soup version 0.24-a0-228-g05560da (console) character file.

Game seed: 15161226190883780669

27 bli the Charlatan (level 2, -2/25 HPs)
             Began as a Draconian Artificer on Apr 1, 2019.
             Slain by a hobgoblin
             ... wielding a +0 club
             ... led by Robin
              (4 damage)
             ... on level 2 of the Dungeon.
             The game lasted 00:02:55 (246 turns).

bli the Charlatan (Draconian Artificer)              Turns: 246, Time: 00:02:55

Health: -2/25      AC:  4    Str: 14    XL:     2   Next: 93%
Magic:  4/4        EV: 12    Int: 11    God:
Gold:   5          SH:  0    Dex: 11    Spells: 1/1 levels left

rFire    . . .     SeeInvis .   a - +0 short sword
rCold    . . .     Gourm    .   (no shield)
rNeg     . . .     Faith    .   (armour unavailable)
rPois    .         Spirit   .   (helmet restricted)
rElec    .         Reflect  .   (no cloak)
rCorr    .         Harm     .   (no gloves)
MR       .....                  (no boots)
Stlth    ++........             (no amulet)
HPRegen  0.08/turn              (no ring)
MPRegen  0.09/turn              (no ring)

@: no status effects
A: unfitting armour, cold-blooded, AC +4
a: no special abilities


You were on level 2 of the Dungeon.
You were not hungry.

You visited 1 branch of the dungeon, and saw 2 of its levels.

You collected 5 gold pieces.

Inventory:

Hand Weapons
 a - a +0 short sword (weapon)
Missiles
 e - 12 stones (quivered)
Wands
 b - a wand of flame (10)
 c - a wand of enslavement (15)
 d - a wand of random effects (13)
Scrolls
 g - a scroll of identify {unknown}
Comestibles
 f - 3 rations
 h - 8 chunks of flesh


   Skills:
 * Level 2.3 Fighting
 + Level 1.3 Short Blades
 + Level 2.2 Dodging
 + Level 1.1 Stealth
 - Level 3.0 Evocations


You had one spell level left.
You didn't know any spells.
Your spell library was empty.

Dungeon Overview and Level Annotations

Branches:
Dungeon (2/15)

Altars:
Qazlal


Innate Abilities, Weirdness & Mutations

Your plain brown scales are hard. (AC +4)
You cannot fit into any form of body armour.
You are cold-blooded and may be slowed by cold attacks.


Message History

The helpless Robin fails to defend herself.
You puncture Robin!
You kill Robin!
Your Stealth skill increases to level 1!
The goblin no longer looks unusually strong.
The hobgoblin hits you.
* * * LOW HITPOINT WARNING * * *
You closely miss the hobgoblin. The hobgoblin barely misses you.
The hobgoblin misses you.
You barely miss the hobgoblin.
The goblin no longer looks unusually strong.
A goblin comes into view. It is wielding a +0 dagger.
The hobgoblin hits you but does no damage.
The goblin shouts!
The hobgoblin barely misses you. The hobgoblin barely misses you.
You see here a rat skeleton.
You hit the hobgoblin.
The hobgoblin is moderately wounded.
The hobgoblin hits you with a +0 club.
You die...

#......# #g#
#......# #)#
####......###g#
..........).)g#
###...).g#####
#.....g#
#......#
#....gg#
#....g.######
#####gg......
#####@#######
#.#....§#.#
#.#.....#.#
#...._....#
#.#.....#.#
#.#○...§#.#
#.###.###.#
##.........#
#.......####
#.####### #.#


You could see 3 hobgoblins and 4 goblins.

Vanquished Creatures
  Robin (D:2)
  2 worms (D:2)
  A dart slug (D:2)
  3 goblins (D:2)
  A bat (D:2)
  A kobold (D:2)
  A rat (D:2)
10 creatures vanquished.

Notes
Turn   | Place    | Note
-------+----------+-------------------------------------------
     0 | D:1      | bli the Draconian Artificer began the quest for the Orb.
     0 | D:1      | Reached XP level 1. HP: 16/16 MP: 3/3
   145 | D:2      | Reached XP level 2. HP: 7/24 MP: 4/4
   180 | D:2      | Found a stormy altar of Qazlal.
   213 | D:2      | Noticed Robin
   236 | D:2      | Killed Robin
   236 | D:2      | Reached skill level 1 in Stealth
   236 | D:2      | HP: 1/25 [hobgoblin[Robin] (1)]
   246 | D:2      | Slain by a hobgoblin

Levels and vault maps discovered:
D:1:      minmay_arrival_stone_box, layout_basic
D:2:      layout_basic, lemuel_coloured_pillars_altar, grunt_qazlal_clouds,
          uniq_robin

Skill      XL: |  1  2 |
---------------+-------+-----
Dodging        | 2 |  2.2
Fighting       | 2 |  2.3
Stealth        | 1 |  1.1
Short Blades   | |  1.3
Evocations     | |  3.0

Action                   || total
-------------------------++-------
Melee: Short sword       ||    41
       Tailslap          ||     5
Throw: Stone             ||     5
Evoke: Wand              ||     7
 Stab: Paralysed         ||     5
Armor: Skin              ||     6
Dodge: Dodged            ||    25

Table legend:
 A = Non-vault XP
 B = Vault XP
 C = Vault XP percentage of total XP
 D = Non-vault monster count
 E = Vault monster count
 F = Vault count percentage of total count
                 A         B        C        D         E       F
            +---------+---------+-------+---------+---------+-------
      Total |      19 |      20 |  51.3 |       7 |       3 |  30.0
            +---------+---------+-------+---------+---------+-------
        D:2 |      19 |      20 |  51.3 |       7 |       3 |  30.0
            +---------+---------+-------+---------+---------+-------
